 Dungeon Crawl Stone Soup version 0.28.0-45-g0d030f2227 (webtiles) character file.

Game seed: 16333448872956634068

56 zeratav the Insei (level 3, 0/24 HPs)
             Began as an Octopode Transmuter on Apr 8, 2022.
             Slain by an adder (3 damage)
             ... on level 2 of the Dungeon.
             The game lasted 00:01:24 (1511 turns).

zeratav the Insei (Octopode Transmuter)             Turns: 1511, Time: 00:01:24

Health: 0/24       AC:  1    Str:  9    XL:     3   Next: 95%
Magic:  6/6        EV: 13    Int: 15    God:
Gold:   53         SH:  0    Dex: 14    Spells: 5/6 levels left

rFire   . . .      SeeInvis .     - Unarmed
rCold   . . .      Faith    .   (no shield)
rNeg    . . .      Spirit   .   (helmet currently unavailable)
rPois   .          Reflect  .   (no amulet)
rElec   .          Harm     .   (no ring)
rCorr   .          Rampage  .   (no ring)
Will    .....                   (no ring)
Stlth   +++.......              (no ring)
HPRegen 0.08/turn               (no ring)
MPRegen 0.10/turn               (no ring)
                                (no ring)
                                (no ring)

@: appendages (expiring)
A: tentacle spike 3, almost no armour, amphibious, 8 rings, camouflage 1,
gelatinous body 1, (nimble swimmer 1), tentacles
a: End Transformation


You were on level 2 of the Dungeon.
One of your tentacles had grown a beastly spike.
You visited 1 branch of the dungeon, and saw 2 of its levels.

You collected 53 gold pieces.


Innate Abilities, Weirdness & Mutations

One of your tentacles has grown a beastly spike.
You cannot wear most types of armour.
You are amphibious.
You can wear up to eight rings at the same time.
Your skin changes colour to match your surroundings (Stealth+).
Your rubbery body absorbs attacks. (AC +1, EV +1)
((You are camouflaged when in or above water. (Stealth+)))
You have tentacles for arms and can constrict up to eight enemies at once.


   Skills:
 + Level 1.7 Fighting
 + Level 2.5 Dodging
 + Level 2.0 Stealth
 + Level 3.4 Unarmed Combat
 - Level 2.0 Spellcasting
 + Level 2.5 Transmutations


You had 5 spell levels left.
You knew the following spells:

 Your Spells              Type           Power      Damage    Failure   Level
a - Beastly Appendage     Tmut           18%        N/A       8%          1

Your spell library contained the following spells:

 Spells                   Type           Power      Damage    Failure   Level
 Wereblood                Tmut           9%         N/A       12%         2
 Corpse Rot               Necr/Air       2%         N/A       32%         2
 Poisonous Vapours        Pois/Air       2%         N/A       32%         2
 Spider Form              Tmut/Pois      5%         N/A       36%         3
 Ice Form                 Ice/Tmut       5%         N/A       78%         4

Inventory:

Scrolls
 a - a scroll of amnesia {unknown}
 b - a scroll of identify {unknown}
 c - a scroll of enchant armour {unknown}
Potions
 d - a potion of mutation {unknown}
 e - a potion of magic {unknown}

Dungeon Overview and Level Annotations

Branches:
Dungeon (2/15)

Altars:

Annotations:
D:2 Robin

.....###..##......###g..##.#
.....###..##........g.......
...............gg...........
####.###.......g..g......#..
................g##.###.......
#.####.###..###g.##.# ########
#.##......†.# #..####
#.##.#.###.####..####
#.##.#.......@Sg....#
#.##.#####.####.....)#
####.##.#####.#####.#.....
.........................)
###..##.#####.#####.###)#.
..#..##.##........... ##
..'.................#
..#..##.##.#..####..#
..#..##.##.#..# ..


You could see an adder and a goblin (strong).


Message History

No target in view!
No target in view!
No target in view!
No target in view!
No target in view!
No target in view!
No target in view!
No target in view!
No target in view!
No target in view!
No target in view!
No target in view!
No target in view!
Your transformation is almost over.
An adder comes into view.
MP[+1]
Your mp is fully restored (6).
An adder is nearby!
The helpless adder fails to defend itself.
You tentacle-slap the adder. Your grab misses the adder.
Your tentacle spike misses the adder.
You squeeze the adder!
You kill the adder!
Your Stealth skill increases to level 2!
HP[+1]
You now have 24 max hp (+1).
Your hp is fully restored (24).
No target in view!
No target in view!
No target in view!
No target in view!
No target in view!
No target in view!
No target in view!
No target in view!
No target in view!
No target in view!
No target in view!
A goblin comes into view. It is wielding a +0 club.
The goblin moves out of view.
You see here an adder corpse.
Your tentacle spike disappears.
e - a green potion 2 goblins and an adder come into view.
The goblin unwields a +0 dagger.
The goblin wields a +0 hunting sling of flaming.
It bursts into flame!
The goblin shoots a stone.
The stone hits you but does no damage.
One of your tentacles grows a vicious spike.
The adder hisses angrily.
You hear a shout! x3
A goblin comes into view. It is wielding a +0 club.
The goblin shoots a stone.
The stone hits you. The stone burns you.
HP[-7] MP[-1]
You take 7 damage, and now have 17/24 hp.
MASSIVE DAMAGE!! (PAUSE)
You lost 1 mp, and now have 5/6 mp. 4 goblins come into view.
A goblin is wielding a +2 dagger of electrocution.
A frilled lizard, Robin and a goblin come into view.
Found a stone staircase leading down.
The goblin shouts! x2; You hear a shout!
Robin roars a battlecry!
The goblins go into a battle-frenzy!
A goblin comes into view. It is wielding a +0 club.
The adder bites you.
You are poisoned.
The adder poisons you!
HP[-2]
You take 2 damage, and now have 15/24 hp.
You feel sick.
HP[-2]
You take 2 damage, and now have 13/24 hp.
You feel sick.
The goblin shouts!
HP[-1]
You take 1 damage, and now have 12/24 hp.
You feel sick. The adder bites you.
* * * LOW HITPOINT WARNING * * *
HP[-6]
You take 6 damage, and now have 6/24 hp.
MASSIVE DAMAGE!! (PAUSE)
You feel sick.
HP[-1]
You take 1 damage, and now have 5/24 hp.
You feel sick.
HP[-1]
You take 1 damage, and now have 4/24 hp.
You feel sick. The adder closely misses you.
HP[-1]
You take 1 damage, and now have 3/24 hp.
Your transformation is almost over.
You feel sick.
You are no longer poisoned.
HP[-1] MP[+1]
You take 1 damage, and now have 2/24 hp.
Your mp is fully restored (6).
The adder closely misses you.
HP[+1]
You closely miss the adder. You grab the adder. You constrict the adder.
The adder completely misses you. The adder closely misses you.
You tentacle-slap the adder. You constrict the adder. The adder bites you.
You die...

Skill      XL: |  1  2  3 |
---------------+----------+-----
Stealth        | 1 2 |  2.0
Fighting       | |  1.7
Dodging        | |  2.5
Unarmed Combat | |  3.4
Spellcasting   | |  2.0
Transmutations | |  2.5

Action                   || total
-------------------------++-------
Melee: Unarmed           ||    68
       Tentacles         ||     9
       Kick              ||    19
       Constrict         ||    13
       Punch             ||     1
 Cast: Beastly Appendage ||    16
 Stab: Sleeping          ||     5
Armor: Skin              ||     8
Dodge: Dodged            ||    46

Levels and vault maps discovered:
D:1:      dpeg_arrival_pits, layout_loops_ring,
          hellmonk_ecumenical_altar_run_dry
D:2:      layout_basic, minmay_heptomino_o4, uniq_crazy_yiuf_cottage,
          uniq_sigmund, uniq_robin

Notes
Turn   | Place    | Note
-------+----------+-------------------------------------------
     0 | D:1      | zeratav the Octopode Transmuter began the quest for the
                  | Orb.
     0 | D:1      | Reached XP level 1. HP: 13/13 MP: 3/3
     0 | D:1      | magus.rc [v1.9.6]
   138 | D:1      | Reached XP level 2. HP: 15/18 MP: 5/5
   216 | D:1      | Reached skill level 1 in Stealth
   652 | D:1      | Found a faded altar of an unknown god.
   665 | D:1      | Reached XP level 3. HP: 21/23 MP: 6/6
  1095 | D:1      | You pick up a book of Vapours and begin reading...
  1095 | D:1      | You add the spells Poisonous Vapours and Corpse Rot to your
                  | library.
  1485 | D:2      | Reached skill level 2 in Stealth
  1497 | D:2      | Noticed Robin
  1500 | D:2      | HP: 6/24 [adder (5)]
  1504 | D:2      | HP: 2/24 [poisoned by an adder]
  1511 | D:2      | Slain by an adder

Vanquished Creatures
  An adder (D:2)
  2 gnolls (D:1)
  A ball python (D:1)
  5 endoplasms
  2 giant cockroaches (D:1)
  3 hobgoblins (D:1)
  A kobold (D:1)
  6 bats (D:1)
  2 frilled lizards
  5 rats (D:1)
28 creatures vanquished.

Table legend:
 A = Non-vault XP
 B = Vault XP
 C = Vault XP percentage of total XP
 D = Non-vault monster count
 E = Vault monster count
 F = Vault count percentage of total count
                 A         B        C        D         E       F
            +---------+---------+-------+---------+---------+-------
      Total |      80 |       0 |   0.0 |      28 |       0 |   0.0
            +---------+---------+-------+---------+---------+-------
        D:1 |      63 |       0 |   0.0 |      25 |       0 |   0.0
        D:2 |      17 |       0 |   0.0 |       3 |       0 |   0.0
            +---------+---------+-------+---------+---------+-------

Illustrated notes

Table legend:
 A = Kills in this place as a percentage of kills in entire the game.
 B = Kills by you in this place as a percentage of kills by you in the entire game.
 C = Kills by friends in this place as a percentage of kills by friends in the entire game.
 D = Other kills in this place as a percentage of other kills in the entire game.
 E = Experience gained in this place as a percentage of experience gained in the entire game.
 F = Experience gained in this place divided by the number of levels of this place that you have seen.
                   A       B       C       D       E      F
               +-------+-------+-------+-------+-------+----------------------
         Total | 100.0 | 100.0 |   N/A |   N/A | 100.0 |  40.0
       Dungeon | 100.0 | 100.0 |   N/A |   N/A | 100.0 |  40.0
               +-------+-------+-------+-------+-------+----------------------

Table legend: (Time is in decaauts)
 A = Elapsed time spent in this place.
 B = Non-inter-level travel time spent in this place.
 C = Inter-level travel time spent in this place.
 D = Time resting spent in this place.
 E = Time spent auto-exploring this place.
 F = Levels seen in this place.
 G = Mean time per level.
                   A        B        C        D        E       F      G
               +--------+--------+--------+--------+--------+-----+--------+
         Total |   1506 |   1452 |     54 |      0 |   1268 |   2 |  753.0 |
       Dungeon |   1506 |   1452 |     54 |      0 |   1268 |   2 |  753.0 |
               +--------+--------+--------+--------+--------+-----+--------+

Top non-repeatable levels by time:
     D:1: 1432 daAuts
     D:2: 74 daAuts
